 Dungeon Crawl Stone Soup version 0.29.1-2-gbd0b4ee654 (webtiles) character file.

Game seed: 15512879984676436678

187 qeuew the Conjurer (level 5, 0/45 HPs)
             Began as a Naga Conjurer on Nov 8, 2022.
             Slain by a gnoll
             ... wielding a +0 halberd
              (8 damage)
             ... on level 3 of the Dungeon.
             The game lasted 00:06:12 (3357 turns).

qeuew the Conjurer (Naga Conjurer)                  Turns: 3357, Time: 00:06:13

Health: 0/45       AC:  3    Str: 12    XL:     5   Next: 66%
Magic:  3/9        EV: 10    Int: 18    God:
Gold:   102        SH:  0    Dex:  9    Spells: 6/9 levels left

rFire   . . .      SeeInvis +   h - +0 war axe
rCold   . . .      Faith    .   (no shield)
rNeg    . . .      Spirit   .   a - +0 robe
rPois   +          Reflect  .   (no helmet)
rElec   .          Harm     .   (no cloak)
rCorr   .          Rampage  .   c - +0 pair of gloves
Will    .....                   (no barding)
Stlth   ++........              (no amulet)
HPRegen 0.15/turn               (no ring)
MPRegen 0.11/turn               (no ring)

@: very slow
A: AC +1, large, see invisible, deformed body, poison resistance, slowness 2,
spit poison 1, naga tail 1
a: Spit Poison


You were on level 3 of the Dungeon.
You visited 1 branch of the dungeon, and saw 3 of its levels.

You collected 102 gold pieces.

Inventory:

Hand Weapons
 h - a +0 war axe (weapon)
Armour
 a - a +0 robe (worn)
 c - a +0 pair of gloves (worn)
Wands
 l - a wand of iceblast (3)
Scrolls
 i - a scroll of fear
Potions
 b - a potion of magic
 d - a potion of flight
 e - a potion of curing {unknown}
 f - a potion of resistance
 j - a potion of might
 m - a potion of heal wounds


   Skills:
 + Level 2.0 Fighting
 + Level 1.5 Axes
 + Level 1.5 Armour
 + Level 2.3 Dodging
 - Level 3.0 Stealth
 + Level 2.7 Spellcasting
 + Level 4.5 Conjurations


You had 6 spell levels left.
You knew the following spells:

 Your Spells              Type           Power      Damage    Failure   Level
a - Magic Dart            Conj           72%        1d6       2%          1
b - Searing Ray           Conj           36%        2d5       3%          2

Your spell library contained the following spells:

 Spells                   Type           Power      Damage    Failure   Level
 Dazzling Flash           Conj/Hex       20%        N/A       21%         3
 Gell's Gravitas          Tloc           2%         N/A       45%         3
 Teleport Other           Tloc           2%         N/A       45%         3
 Fulminant Prism          Conj/Hex       5%         3d7       54%         4
 Iskenderun's Mystic Bla  Conj/Tloc      10%        2d4       54%         4
 Dispersal                Tloc           1%         N/A       100%        6


Dungeon Overview and Level Annotations

Branches:
Dungeon (3/15)

Altars:


Innate Abilities, Weirdness & Mutations

Your serpentine skin is tough. (AC +1)
You have supernaturally acute eyesight. (SInv)
Armour fits poorly on your strangely shaped body.
Your system is resistant to poisons. (rPois)
You cover ground very slowly.
You can spit poison.
You have a snake-like lower body.


Message History

You hear a shout!
The orc barely misses you.
An orc priest comes into view. It is wielding a +0 dagger.
The orc hits you with a +0 mace.
You barely miss the orc. x2; You hit the orc.
The orc closely misses you.
A gnoll comes into view. It is wielding a +0 whip.
The orc hits you with a +0 club. The gnoll barely misses you.
The orc misses you. The orc closely misses you. x2
You slash the orc!
You kill the orc!
You closely miss the orc. You completely miss the orc. The gnoll misses you.
The orc hits you with a +0 mace! The orc closely misses you.
The gnoll closely misses you. The gnoll barely misses you.
The orc hits you with a +0 mace. x2
You are too injured to fight recklessly!
You are too injured to fight recklessly!
You are too injured to fight recklessly!
You are too injured to fight recklessly!
You are too injured to fight recklessly!
You are too injured to fight recklessly!
You are too injured to fight recklessly!
You are too injured to fight recklessly!
You are too injured to fight recklessly!
You are too injured to fight recklessly!
You are too injured to fight recklessly!
You are too injured to fight recklessly!
You are too injured to fight recklessly!
Unknown command.
The orc barely misses you. The gnoll closely misses you.
The orc hits you with a +0 club. The orc hits you with a +0 mace.
The gnoll misses you.
You see here a jackal corpse.
The orc attacks as you move away! The orc barely misses you.
The orc hits you with a +0 mace.
* * * LOW HITPOINT WARNING * * *
The gnoll barely misses you. The orc hits you with a +0 mace.
* * * LOW HITPOINT WARNING * * *
The gnoll hits you from afar with a +0 halberd!
You die...

#. #. #.# #.# #.########
####........#
..#.†#####.######
#.#..#..........#
####@#.)#.###.####.#
#...o.....# #.# #.# #
#.##gg...## #.# #.#
#.###. #o..)## #.# #.#
#.....##o#........# #.#
#......gg#.###########.##
........o................
~~~~~†.).~~~≈~~~≈~~~~~~≈~
≈≈~~~....~≈≈≈≈≈≈≈≈≈≈≈≈≈≈≈


You could see an orc priest, 4 gnolls and 3 orcs.

Vanquished Creatures
  3 hounds (D:3)
  An adder (D:3)
  A worm (D:2)
  2 dart slugs (D:1)
  3 orcs (D:3)
  7 ball pythons
  3 bats
  4 endoplasms
  2 giant cockroaches (D:2)
  5 goblins
  5 hobgoblins
  15 jackals
  2 quokkas
  4 frilled lizards
  2 kobolds (D:1)
  7 rats
66 creatures vanquished.

Vanquished Creatures (others)
  A fungus (D:3)
1 creature vanquished.

Grand Total: 67 creatures vanquished

Notes
Turn   | Place    | Note
-------+----------+-------------------------------------------
     0 | D:1      | qeuew the Naga Conjurer began the quest for the Orb.
     0 | D:1      | Reached XP level 1. HP: 15/15 MP: 3/3
   233 | D:1      | Reached XP level 2. HP: 24/24 MP: 0/5
   722 | D:1      | Found a faded altar of an unknown god.
  1125 | D:1      | Reached XP level 3. HP: 9/30 MP: 3/6
  1338 | D:1      | Reached skill level 1 in Fighting
  1883 | D:2      | Learned a level 2 spell: Searing Ray
  2248 | D:2      | Reached skill level 1 in Armour
  2341 | D:2      | Reached XP level 4. HP: 38/38 MP: 5/7
  2641 | D:3      | Reached skill level 1 in Axes
  2917 | D:3      | Reached XP level 5. HP: 45/45 MP: 0/8
  3357 | D:3      | Slain by a gnoll

Illustrated notes

Levels and vault maps discovered:
D:1:      amcnicky_arrival_underground_garden, layout_basic,
          nicolae_ecumenical_snake_handling, dk_noncrumbling_3,
          minmay_misc_feat_roman
D:2:      layout_basic, hangedman_decor_points
D:3:      lemuel_castle_with_subvaults [lemuel_castle_interior_original],
          layout_loops_corners, nicolae_wu_jian_immortal_techniques,
          minmay_tree_intersection, uniq_robin

Skill      XL: |  1  2  3  4  5 |
---------------+----------------+-----
Fighting       | 1 2 |  2.0
Dodging        | 2 |  2.3
Armour         | 1 |  1.5
Axes           | 1 |  1.5
Stealth        | |  3.0
Spellcasting   | |  2.7
Conjurations   | |  4.5

Action                   |  1- 3 |  4- 6 || total
-------------------------+-------+-------++-------
Melee: Hand axe          |    34 |    41 ||    75
       Unarmed           |    12 |       ||    12
       War axe           |       |     4 ||     4
 Cast: Magic Dart        |    76 |    50 ||   126
 Abil: Spit Poison       |     3 |     2 ||     5
  Use: Potion            |     3 |     2 ||     5
       Scroll            |     1 |     4 ||     5
 Stab: Sleeping          |     2 |       ||     2
Armor: Robe              |    15 |    23 ||    38
Dodge: Dodged            |    36 |    63 ||    99
